 Dungeon Crawl Stone Soup version 0.24-a0-422-g9eff389 (webtiles) character file.

Game seed: 2490459898028631678

360 r3xj the Archer (level 6, -1/51 HPs)
             Began as a Gnoll Hunter on June 12, 2019.
             Slain by an orc wizard
             ... wielding a +0 dagger
              (4 damage)
             ... on level 3 of the Dungeon.
             The game lasted 00:07:24 (2301 turns).

r3xj the Archer (Gnoll Hunter)                      Turns: 2301, Time: 00:07:24

Health: -1/51      AC:  6    Str: 14    XL:     6   Next: 65%
Magic:  9/9        EV: 15    Int: 14    God:
Gold:   116        SH:  0    Dex: 17    Spells: 9/9 levels left

rFire    . . .     SeeInvis .   b - +0 short sword
rCold    . . .     Gourm    .   (no shield)
rNeg     . . .     Faith    .   c - +0 leather armour
rPois    .         Spirit   .   l - +0 helmet
rElec    .         Reflect  .   n - +1 cloak
rCorr    .         Harm     .   (no gloves)
MR       .....                  (no boots)
Stlth    +.........             (no amulet)
HPRegen  0.17/turn              (no ring)
MPRegen  0.11/turn              (no ring)

@: confused
A: distributed training, fangs 1, strong nose
a: no special abilities


You were on level 3 of the Dungeon.
You were not hungry.

You visited 1 branch of the dungeon, and saw 3 of its levels.

You collected 116 gold pieces.

Inventory:

Hand Weapons
 a - a +1 shortbow
 b - a +0 short sword (weapon)
 r - a +0 club of chaos
Armour
 c - a +0 leather armour (worn)
 k - a +0 hat
 l - a +0 helmet (worn)
 n - a +1 cloak (worn)
 s - a +0 chain mail
 t - a +0 ring mail
Jewellery
 v - an uncursed ring of ice {unknown}
Scrolls
 e - 4 scrolls of remove curse {unknown}
 h - a scroll of identify {unknown}
 i - a scroll of amnesia {unknown}
 m - a scroll of magic mapping {unknown}
 o - 2 scrolls of teleportation {unknown}
 p - a scroll of enchant armour {unknown}
Potions
 g - a potion of curing {unknown}
 j - a potion of cancellation {unknown}
 u - a potion of invisibility {unknown}
Comestibles
 f - 6 rations


   Skills:
 + Level 5.0 Fighting
 + Level 2.0 Short Blades
 + Level 2.0 Long Blades
 + Level 2.0 Axes
 + Level 2.0 Maces & Flails
 + Level 2.0 Polearms
 + Level 2.0 Staves
 + Level 2.0 Slings
 + Level 8.8 Bows
 + Level 2.0 Crossbows
 + Level 2.0 Throwing
 + Level 2.0 Armour
 + Level 5.0 Dodging
 + Level 3.1 Stealth
 + Level 2.0 Shields
 + Level 2.0 Unarmed Combat
 + Level 2.0 Spellcasting
 + Level 1.6 Conjurations
 + Level 1.6 Hexes
 + Level 1.6 Charms
 + Level 1.6 Summonings
 + Level 1.6 Necromancy
 + Level 1.6 Translocations
 + Level 1.6 Transmutations
 + Level 1.6 Fire Magic
 + Level 1.6 Ice Magic
 + Level 1.6 Air Magic
 + Level 1.6 Earth Magic
 + Level 1.6 Poison Magic
 + Level 2.2 Invocations
 + Level 2.0 Evocations


You had 9 spell levels left.
You didn't know any spells.
Your spell library was empty.

Dungeon Overview and Level Annotations

Branches:
Dungeon (3/15)

Altars:
Makhleb
Vehumet
Xom

Annotations:
D:2 exclusion: downstairs


Innate Abilities, Weirdness & Mutations

Your experience applies equally to all skills.
You have very sharp teeth.
Your uncanny sense of smell can sniff out nearby items.


Message History

You are too injured to fight recklessly!
You are too injured to fight recklessly!
The orc wizard points at you and mumbles some strange words.
You are confused.
Items here: ( ) [ † a +0 flail; a +0 leather armour; 3 arrows; an orc corpse The orc wizard gestures at you while chanting.
The puff of flame hits you.
All of the chunks of flesh in your inventory have rotted away.
You bump into the rock wall.
The orc priest calls down the wrath of Beogh upon you.
Beogh smites you!
* * * LOW HITPOINT WARNING * * *
You bump into the rock wall.
You bump into the rock wall.
The orc wizard shouts!
The orc wizard barely misses you.
You bump into the rock wall.
The orc wizard hits you with a +0 dagger.
You die...

..##.......##..#.o........# #####
...##.##...........((.....# #....
....#....##..#(....(......###....
.##.......##.#.(.................
# ##.......#..((.o.......####....
#........##(o#................
#.........##((.##.....####....
##.....##...ooo.......# #....
##.....######@##......# #....
#.........###.##......# #....
####.......#.......#.....########
.......<...#...#.................
#####.........#.#..#.............
##...#...#(_.#.....###.#.....
######...#.#(.###...........
#....#...# #######.....
#........# ######


You could see an orc priest, 2 orc wizards and 2 orcs.

Vanquished Creatures
  Sigmund (D:2)
  2 orc priests (D:3)
  3 gnolls (D:2)
  3 adders (D:2)
  An ooze (D:1)
  4 worms (D:2)
  3 dart slugs
  A leopard gecko (D:1)
  4 orcs
  5 bats
  4 giant cockroaches
  8 goblins
  6 hobgoblins
  6 jackals
  A ball python (D:1)
  2 frilled lizards (D:1)
  7 kobolds
  10 rats
71 creatures vanquished.

Notes
Turn   | Place    | Note
-------+----------+-------------------------------------------
     0 | D:1      | r3xj the Gnoll Hunter began the quest for the Orb.
     0 | D:1      | Reached XP level 1. HP: 20/20 MP: 1/1
    21 | D:1      | Reached XP level 2. HP: 22/26 MP: 2/2
   170 | D:1      | Reached XP level 3. HP: 31/31 MP: 3/3
   704 | D:2      | Reached skill level 1 in Invocations
   761 | D:2      | Reached skill level 1 in Short Blades
   761 | D:2      | Reached skill level 1 in Long Blades
   761 | D:2      | Reached skill level 1 in Axes
   761 | D:2      | Reached skill level 1 in Maces & Flails
   761 | D:2      | Reached skill level 1 in Polearms
   761 | D:2      | Reached skill level 1 in Staves
   761 | D:2      | Reached skill level 1 in Slings
   761 | D:2      | Reached skill level 1 in Crossbows
   761 | D:2      | Reached skill level 1 in Throwing
   761 | D:2      | Reached skill level 1 in Armour
   761 | D:2      | Reached skill level 1 in Shields
   761 | D:2      | Reached skill level 1 in Unarmed Combat
   761 | D:2      | Reached skill level 1 in Spellcasting
   761 | D:2      | Reached skill level 1 in Evocations
   768 | D:2      | Found a radiant altar of Vehumet.
   768 | D:2      | Found a burning altar of Makhleb.
   784 | D:2      | Reached XP level 4. HP: 38/38 MP: 5/5
  1231 | D:2      | Reached skill level 1 in Conjurations
  1231 | D:2      | Reached skill level 1 in Hexes
  1231 | D:2      | Reached skill level 1 in Charms
  1231 | D:2      | Reached skill level 1 in Summonings
  1231 | D:2      | Reached skill level 1 in Necromancy
  1231 | D:2      | Reached skill level 1 in Translocations
  1231 | D:2      | Reached skill level 1 in Transmutations
  1231 | D:2      | Reached skill level 1 in Fire Magic
  1231 | D:2      | Reached skill level 1 in Ice Magic
  1231 | D:2      | Reached skill level 1 in Air Magic
  1231 | D:2      | Reached skill level 1 in Earth Magic
  1231 | D:2      | Reached skill level 1 in Poison Magic
  1305 | D:2      | Reached XP level 5. HP: 43/43 MP: 6/6
  1476 | D:2      | Noticed Sigmund
  1488 | D:2      | Killed Sigmund
  1488 | D:2      | Reached XP level 6. HP: 41/50 MP: 8/8
  1730 | D:2      | Found a shimmering altar of Xom.
  2125 | D:3      | Found a faded altar of an unknown god.
  2147 | D:3      | Reached skill level 5 in Fighting
  2147 | D:3      | Reached skill level 5 in Dodging
  2298 | D:3      | HP: 2/51 [orc priest/divine providence (15)]
  2301 | D:3      | Slain by an orc wizard

Levels and vault maps discovered:
D:1:      scummos_arrival_simple_fountains, layout_loops_ring
D:2:      layout_basic, grunt_temple_overflow_open, tgw_xom, uniq_sigmund
D:3:      layout_rooms, first_ration, chequers_ecumenical_altar_simple_redux,
          grunt_ministairs_9

Skill      XL: |  1  2  3  4  5  6 |
---------------+-------------------+-----
Invocations    | 1 2 |  2.2
Short Blades   | 1 2 |  2.0
Long Blades    | 1 2 |  2.0
Axes           | 1 2 |  2.0
Maces & Flails | 1 2 |  2.0
Polearms       | 1 2 |  2.0
Staves         | 1 2 |  2.0
Slings         | 1 2 |  2.0
Crossbows      | 1 2 |  2.0
Throwing       | 1 2 |  2.0
Armour         | 1 2 |  2.0
Shields        | 1 2 |  2.0
Unarmed Combat | 1 2 |  2.0
Spellcasting   | 1 2 |  2.0
Evocations     | 1 2 |  2.0
Conjurations   | 1 |  1.6
Hexes          | 1 |  1.6
Charms         | 1 |  1.6
Summonings     | 1 |  1.6
Necromancy     | 1 |  1.6
Translocations | 1 |  1.6
Transmutations | 1 |  1.6
Fire Magic     | 1 |  1.6
Ice Magic      | 1 |  1.6
Air Magic      | 1 |  1.6
Earth Magic    | 1 |  1.6
Poison Magic   | 1 |  1.6
Stealth        | 3 |  3.1
Fighting       | 5 |  5.0
Dodging        | 5 |  5.0
Bows           | |  8.8

Action                   |  1- 3 |  4- 6 || total
-------------------------+-------+-------++-------
Melee: Short sword       |     4 |    20 ||    24
       Bite              |     1 |     4 ||     5
 Fire: Shortbow          |    84 |   117 ||   201
  Eat: Chunk             |       |     4 ||     4
Armor: Leather armour    |       |     9 ||     9
Dodge: Dodged            |    12 |    19 ||    31

Table legend:
 A = Non-vault XP
 B = Vault XP
 C = Vault XP percentage of total XP
 D = Non-vault monster count
 E = Vault monster count
 F = Vault count percentage of total count
                 A         B        C        D         E       F
            +---------+---------+-------+---------+---------+-------
      Total |     288 |     227 |  44.1 |      67 |       4 |   5.6
            +---------+---------+-------+---------+---------+-------
        D:1 |      50 |       0 |   0.0 |      26 |       0 |   0.0
        D:2 |     141 |     227 |  61.7 |      32 |       4 |  11.1
        D:3 |      97 |       0 |   0.0 |       9 |       0 |   0.0
            +---------+---------+-------+---------+---------+-------
